 Dungeon Crawl Stone Soup version 0.24.1-8-ga250c9d538 (webtiles) character file.

Game seed: 3667917433440871105, levelgen mode: deterministic

345 lepoulpe303 the Firebug (level 6, -2/32 HPs)
             Began as a Deep Elf Fire Elementalist on Apr 30, 2020.
             Killed from afar by an orc wizard (5 damage)
             ... with a magic dart
             ... on level 5 of the Dungeon.
             The game lasted 00:11:25 (3474 turns).

lepoulpe303 the Firebug (DEFE)                      Turns: 3474, Time: 00:11:25

Health: -2/32      AC:  6    Str:  5    XL:     6   Next: 32%
Magic:  6/14       EV: 14    Int: 22    God:
Gold:   177        SH:  0    Dex: 15    Spells: 0/13 levels left

rFire    . . .     SeeInvis .   d - +3 dagger (drain)
rCold    . . .     Gourm    .   (no shield)
rNeg     . . .     Faith    .   m - +1 robe {MR+} {MR+}
rPois    .         Spirit   .   f - +2 hat
rElec    .         Reflect  .   (no cloak)
rCorr    .         Harm     .   p - +0 pair of gloves
MR       +....                  (no boots)
Stlth    ++........             (no amulet)
HPRegen  0.10/turn              (no ring)
MPRegen  0.14/turn              (no ring)

@: no status effects
A: no striking features
a: no special abilities


You were on level 5 of the Dungeon.
You were not hungry.

You visited 1 branch of the dungeon, and saw 5 of its levels.

You collected 177 gold pieces.

Inventory:

Hand Weapons
 d - a +3 dagger of draining (weapon)
Armour
 f - a +2 hat (worn)
 l - a +0 buckler
 m - a +1 robe of magic resistance (worn) {MR+}
 p - a +0 pair of gloves (worn)
Wands
 w - a wand of paralysis (6)
Scrolls
 a - 2 scrolls of teleportation {unknown}
 b - a scroll of amnesia {unknown}
 c - a scroll of fear {unknown}
 g - 2 scrolls of fog {unknown}
 h - 4 scrolls of identify {unknown}
 i - a scroll of noise {unknown}
 j - a scroll of blinking {unknown}
 o - a scroll of enchant weapon {unknown}
 q - a scroll of enchant armour {unknown}
 r - a scroll of immolation {unknown}
 u - a scroll of remove curse {unknown}
Potions
 k - 4 potions of heal wounds {unknown}
 n - 2 potions of lignification {unknown}
 s - a potion of invisibility {unknown}
 t - a potion of curing {unknown}
Comestibles
 e - 7 rations


   Skills:
 + Level 1.8 Short Blades
 + Level 3.5 Dodging
 + Level 3.6 Stealth
 + Level 1.1 Shields
 + Level 4.3 Spellcasting
 * Level 3.4 Conjurations
 * Level 4.7 Fire Magic


You couldn't memorise any spells.
You knew the following spells:

 Your Spells              Type           Power        Failure   Level  Hunger
a - Flame Tongue          Conj/Fire      ###..        1%          1    None
b - Inner Flame           Hex/Fire       ###.....     12%         3    ##.....
c - Conjure Flame         Conj/Fire      ###.....     6%          3    ##.....
s - Sticky Flame          Conj/Fire      ###.....     21%         4    ####...
x - Throw Flame           Conj/Fire      ###...       3%          2    #......

Your spell library contained the following spells:

 Spells                   Type           Power        Failure   Level  Hunger
 Fireball                 Conj/Fire      ###.......   50%         5    ######.


Dungeon Overview and Level Annotations

Branches:
Dungeon (5/15)
 Temple: D:4-7

Altars:
Fedhas
Zin

Annotations:
D:3 3 runed translucent doors, Sassenached's ghost, amateur HOWn


Message History

The orc wizard hits you with a +0 dagger.
* * * LOW HITPOINT WARNING * * *
You take 2 damage, and have 10/32 hp.
You now have 12/14 mp.
Aim: an orc wizard, wielding a +0 dagger and wearing a +2 robe of magic resistance (moderately wounded)
The puff of flame hits the orc wizard.
The orc hits you with a +0 short sword.
* * * LOW HITPOINT WARNING * * *
The orc wizard hits you with a +0 dagger.
* * * LOW HITPOINT WARNING * * *
You take 6 damage, and have 4/32 hp.
You now have 10/14 mp.
Aim: an orc wizard, wielding a +0 dagger and wearing a +2 robe of magic resistance (severely wounded)
The puff of flame misses the orc wizard.
The orc barely misses you.
The orc wizard casts a cantrip, but nothing happens.
You now have 8/14 mp.
Aim: an orc wizard, wielding a +0 dagger and wearing a +2 robe of magic resistance (severely wounded)
The puff of flame hits the orc wizard.
The orc hits you with a +0 short sword.
* * * LOW HITPOINT WARNING * * *
The orc wizard casts a spell at you. The magic dart hits you.
You die...

..?............
...............
....>.........#
..............#
.............##
...............
.......o.......
......o@.......
...............
...............
...............
...............
...............
...............
...............


You could see an orc wizard and an orc.

Levels and vault maps discovered:
D:1:      dpeg_arrival_rooms_a, layout_basic
D:2:      layout_loops_ring, zin_angel, first_ration,
          chequers_serial_rivers_small_3, minmay_misc_feat_plants,
          fedhas_altar_2
D:3:      layout_loops_ring, ebering_ghost_rock_garden, minivault_5,
          minmay_vboxes, uniq_ijyb
D:4:      layout_cave_pools, chequers_temple_overflow_statue_of_worship,
          lemuel_angel_altar
D:5:      layout_layer_cave, minmay_temple_entry_statues_fountains,
          serial_shops, nicolae_shop_waterfront, nicolae_shop_behind_doors

Notes
Turn   | Place    | Note
-------+----------+-------------------------------------------
     0 | D:1      | lepoulpe303 the Deep Elf Fire Elementalist began the quest
                  | for the Orb.
     0 | D:1      | Reached XP level 1. HP: 10/10 MP: 6/6
   158 | D:1      | Identified a +3 dagger of draining
   217 | D:1      | Identified a +2 hat (You found it on level 1 of the
                  | Dungeon)
   217 | D:1      | Identified a cursed +0 club
   226 | D:1      | Reached XP level 2. HP: 13/15 MP: 4/8
   356 | D:1      | Identified a cursed +0 dagger
   380 | D:1      | Identified a +0 club
   380 | D:1      | Identified a +0 whip
   477 | D:1      | Identified a +0 whip
   477 | D:1      | Identified a +0 club
   477 | D:1      | Identified a cursed -3 club
   618 | D:1      | Identified a +0 club
   691 | D:1      | Reached XP level 3. HP: 16/19 MP: 9/9
   695 | D:1      | Learned a level 2 spell: Throw Flame
   699 | D:1      | Learned a level 3 spell: Conjure Flame
   826 | D:1      | Identified a +0 dagger
   984 | D:2      | Identified a +0 dagger
   985 | D:2      | Identified a +0 club
  1077 | D:2      | Reached skill level 2 in Conjurations
  1189 | D:2      | Identified a +1 robe of magic resistance (You found it on
                  | level 2 of the Dungeon)
  1258 | D:2      | Found a blossoming altar of Fedhas.
  1302 | D:2      | Identified a +0 dagger
  1319 | D:2      | Identified a +0 pair of gloves (You found it on level 2 of
                  | the Dungeon)
  1407 | D:2      | Identified a +0 spear
  1410 | D:2      | Identified a +0 whip
  1412 | D:2      | Identified a +0 whip of freezing
  1431 | D:2      | Reached skill level 1 in Short Blades
  1431 | D:2      | Reached XP level 4. HP: 23/24 MP: 0/11
  1463 | D:2      | Reached skill level 3 in Dodging
  1500 | D:2      | Reached skill level 3 in Stealth
  1651 | D:2      | Found a glowing silver altar of Zin.
  1652 | D:2      | Identified a +1 mace of holy wrath
  1652 | D:2      | Noticed an angel
  1732 | D:2      | lepoulpe303: !whichgod defe
  1732 | D:2      | meem: 185 recent wins for defe: 145x Vehumet, 26x Sif Muna,
                  | 6x Ashenzari, 2x, 2x Ru, Uskayaw, Trog, Cheibriados, Gozag
  1865 | D:3      | Reached skill level 4 in Fire Magic
  1879 | D:3      | Identified a +0 club
  1879 | D:3      | Identified a +2 scale mail of poison resistance
  1879 | D:3      | Noticed Ijyb
  1896 | D:3      | Found a runed translucent gate.
  1896 | D:3      | Found a runed translucent gate.
  1896 | D:3      | Found a runed translucent gate.
  1898 | D:3      | Noticed Sassenached's ghost (amateur HOWn)
  1902 | D:3      | Identified a +0 flail
  1951 | D:3      | Identified a +0 dagger
  1968 | D:3      | Identified a +0 leather armour
  1968 | D:3      | Identified a +0 club
  2090 | D:3      | Identified a +0 whip
  2129 | D:3      | Reached skill level 4 in Spellcasting
  2129 | D:3      | Reached XP level 5. HP: 28/28 MP: 0/13
  2129 | D:3      | Identified a +0 flail
  2439 | D:3      | Identified a +0 flail
  2439 | D:3      | Identified a +0 leather armour
  2446 | D:3      | Reached skill level 3 in Conjurations
  3005 | D:3      | Killed Ijyb
  3063 | D:4      | Reached skill level 1 in Shields
  3231 | D:4      | Reached XP level 6. HP: 31/32 MP: 14/14
  3236 | D:4      | Learned a level 3 spell: Inner Flame
  3241 | D:4      | Learned a level 4 spell: Sticky Flame
  3415 | D:4      | Identified a +0 short sword
  3415 | D:4      | Identified a +0 plate armour
  3449 | D:4      | Identified a +0 hand axe
  3449 | D:4      | Identified a +0 short sword
  3451 | D:4      | Identified a +0 dagger
  3451 | D:4      | Identified a +2 robe of magic resistance
  3452 | D:4      | Identified a +0 dagger
  3452 | D:4      | Identified a +0 robe
  3453 | D:4      | Identified a +0 dagger
  3453 | D:4      | Identified a +0 robe
  3456 | D:4      | Identified a +0 club
  3456 | D:4      | Identified a +0 chain mail
  3457 | D:4      | Identified a +0 short sword
  3457 | D:4      | Identified a +0 scale mail
  3458 | D:4      | Identified a +0 whip
  3468 | D:5      | Entered Level 5 of the Dungeon
  3472 | D:5      | HP: 5/32 [orc/+0 short sword (5)]
  3474 | D:5      | Killed from afar by an orc wizard

Table legend:
 A = Turns spent in this place as a percentage of turns spent in the entire game.
 B = Non-inter-level travel turns spent in this place as a percentage of non-inter-level travel turns spent in the entire game.
 C = Inter-level travel turns spent in this place as a percentage of turns spent in this place.
 D = Turns resting spent in this place as a percentage of non-inter-level travel turns spent in this place.
 E = Turns spent auto-exploring this place as a percentage of non-inter-level travel turns spent in this place.
 F = Non-inter-level travel turns spent in this place divided by the number of levels of this place that you've seen.
                   A       B       C       D       E      F
               +-------+-------+-------+-------+-------+----------------------
         Total | 100.0 | 100.0 |   1.3 |  21.5 |  56.6 | 685.8
       Dungeon | 100.0 | 100.0 |   1.3 |  21.5 |  56.6 | 685.8
               +-------+-------+-------+-------+-------+----------------------

Table legend:
 A = Kills in this place as a percentage of kills in entire the game.
 B = Kills by you in this place as a percentage of kills by you in the entire game.
 C = Kills by friends in this place as a percentage of kills by friends in the entire game.
 D = Other kills in this place as a percentage of other kills in the entire game.
 E = Experience gained in this place as a percentage of experience gained in the entire game.
 F = Experience gained in this place divided by the number of levels of this place that you have seen.
                   A       B       C       D       E      F
               +-------+-------+-------+-------+-------+----------------------
         Total | 100.0 | 100.0 |   N/A |   N/A | 100.0 |  98.6
       Dungeon | 100.0 | 100.0 |   N/A |   N/A | 100.0 |  98.6
               +-------+-------+-------+-------+-------+----------------------

Skill      XL: |  1  2  3  4  5 |
---------------+----------------+-----
Conjurations   | 2 3 |  3.4
Short Blades   | 1 |  1.8
Dodging        | 3 |  3.5
Stealth        | 3 |  3.6
Fire Magic     | 4 |  4.7
Spellcasting   | 4 |  4.3
Shields        | 1 |  1.1

Action                   |  1- 3 |  4- 6 || total
-------------------------+-------+-------++-------
Melee: Dagger            |    68 |    67 ||   135
 Cast: Flame Tongue      |    27 |    21 ||    48
       Conjure Flame     |     1 |     1 ||     2
       Throw Flame       |       |    30 ||    30
 Stab: Sleeping          |    10 |     7 ||    17
       Distracted        |       |     1 ||     1
  Eat: Chunk             |     2 |     6 ||     8
Armor: Robe              |    18 |    28 ||    46
Dodge: Dodged            |    50 |    53 ||   103

Vanquished Creatures
  2 orc priests (D:3)
  A hound (D:4)
  2 bullfrog skeletons (D:4)
  Ijyb (D:3)
  A worker ant (D:4)
  3 gnolls (D:2)
  3 adders
  2 oozes
  An adder skeleton (D:4)
  A worm (D:2)
  3 dart slugs
  A leopard gecko (D:1)
  5 orcs (D:3)
  3 giant cockroaches
  11 goblins
  8 hobgoblins
  4 jackals
  5 kobolds
  A ball python (D:2)
  11 bats
  6 frilled lizards
  A leopard gecko skeleton (D:4)
  4 rats
80 creatures vanquished.
